 Dungeon Crawl Stone Soup version 0.29.1-14-g9c671dbff4 (webtiles) character file.

Game seed: 7604746544833338813

130 Heoruswealwe the Covered (level 4, -3/41 HPs)
             Began as a Minotaur Fighter on Feb 13, 2023.
             Was a Believer of Nemelex Xobeh.
             Slain by an orc warrior
             ... wielding a +0 scimitar
              (5 damage)
             ... on level 4 of the Dungeon.
             The game lasted 00:32:12 (2648 turns).

Heoruswealwe the Covered (Minotaur Fighter)         Turns: 2648, Time: 00:32:13

Health: -3/41      AC:  9    Str: 28    XL:     4   Next: 89%
Magic:  4/4        EV:  9    Int:  5    God:    Nemelex Xobeh [**....]
Gold:   133        SH:  4    Dex: 10    Spells: 3/3 levels left

rFire   . . .      SeeInvis +   a - +0 war axe
rCold   . . .      Faith    .   c - +0 buckler
rNeg    . . .      Spirit   .   b - +0 scale mail
rPois   .          Reflect  .   (helmet restricted)
rElec   .          Harm     .   V - +0 cloak
rCorr   .          Rampage  .   f - +0 pair of gloves
Will    .....                   (no boots)
Stlth   ..........              P - amulet of the acrobat
HPRegen 0.13/turn               S - +6 ring of strength
MPRegen 0.09/turn               z - ring of see invisible

@: no status effects
A: horns 2, retaliatory headbutt
a: Renounce Religion, Draw Escape, Draw Destruction, Draw Summoning


You were on level 4 of the Dungeon.
You worshipped Nemelex Xobeh.
Nemelex Xobeh was pleased with you.
You visited 1 branch of the dungeon, and saw 4 of its levels.

You collected 133 gold pieces.

Inventory:

Hand Weapons
 a - a +0 war axe (weapon)
 e - a +0 dagger
 g - a +0 dagger
 m - a +0 dagger
 o - a +0 hand axe
 p - a +0 spear
 s - a +0 dagger
 t - a +0 dagger
 u - a +0 dagger
 v - a +0 dagger of freezing
 C - a +0 sling
 D - a +0 club
 G - a +0 hand axe
 H - a +0 dagger
 K - a +0 club
 R - a +0 dagger
 U - a +3 quarterstaff of chaos
 W - a +0 hammer
 X - a +0 dagger
Missiles
 x - 10 poisoned darts (quivered)
 y - 12 stones
Armour
 b - a +0 scale mail (worn)
 c - a +0 buckler (worn)
 f - a +0 pair of gloves (worn)
 k - a +0 cloak
 B - a +0 ring mail
 F - a +0 leather armour
 I - a +0 ring mail
 V - a +0 cloak (worn)
Magical Staves
 J - a staff of earth
 T - a staff of fire
Jewellery
 l - a +6 ring of dexterity
 n - a +4 ring of protection
 q - a ring of resist corrosion
 z - a ring of see invisible (right hand)
 P - an amulet of the acrobat (around neck)
 S - a +6 ring of strength (left hand)
Wands
 r - a wand of flame (11)
Scrolls
 h - a scroll of enchant armour
 i - 3 scrolls of fear
 w - a scroll of noise
 M - a scroll of teleportation
 N - a scroll of immolation {unknown}
 O - a scroll of summoning {unknown}
Potions
 d - 3 potions of might
 j - 3 potions of flight {unknown}
 A - 3 potions of curing {unknown}
 E - a potion of degeneration {unknown}
 L - a potion of berserk rage {unknown}
 Q - a potion of brilliance {unknown}


   Skills:
 + Level 4.4 Fighting
 + Level 3.4 Axes
 + Level 4.4 Armour
 - Level 3.6 Shields
 + Level 1.8 Invocations
 + Level 1.5 Evocations


You had 3 spell levels left.
You didn't know any spells.
Your spell library contained the following spells:

 Spells                   Type           Power      Damage    Failure   Level
 Necrotise                Necr           0%         1d4       83%         1
 Summon Guardian Golem    Hex/Summ       0%         N/A       99%         3
 Vampiric Draining        Necr           0%         2d6       99%         3
 Agony                    Necr           0%         N/A       100%        5
 Iskenderun's Battlesphe  Conj           0%         2d6       100%        5
 Iron Shot                Conj/Erth      0%         9d1       100%        6
 Orb of Destruction       Conj           0%         9d5       100%        7
 Spellforged Servitor     Conj/Summ      0%         N/A       100%        7


Dungeon Overview and Level Annotations

Branches:
Dungeon (4/15)
 Temple: D:4-7

Altars:
Nemelex Xobeh
Wu Jian


Innate Abilities, Weirdness & Mutations

You have a pair of horns on your head.
You reflexively headbutt those who attack you in melee.


Message History

You climb downwards.
Found a stone staircase leading down.
There is a stone staircase leading up here.
Found a fuming clear potion and a lightning rod (4/4).
Found a large runed translucent door.
Found a +4 ring of protection.
The orc priest shouts!
The orc warrior shouts!
Found a black potion and a twisted glaive.
You open the large door.
Press: ? - help, v - describe, . - travel
Here: an orc warrior, wielding a +0 scimitar and wearing a +0 plate armour A large open translucent door.
An orc warrior is nearby!
You barely miss the orc warrior.
The orc warrior hits you with a +0 scimitar.
You barely miss the orc warrior. You block the orc warrior's attack.
The orc priest begins to cast a cantrip, but forgets the words!
You slash the orc warrior!
The orc warrior is moderately wounded.
The orc priest miscasts a cantrip.
The orc warrior hits you with a +0 scimitar.
The orc priest calls down the wrath of Beogh upon you.
Beogh smites you!
The orc warrior hits you with a +0 scimitar!
* * * LOW HITPOINT WARNING * * *
You hit the orc warrior.
The orc warrior is moderately wounded.
The orc warrior completely misses you. You furiously retaliate!
You headbutt the orc warrior! You closely miss the orc warrior.
Your headbutt misses the orc warrior.
The orc warrior is almost dead.
You block the orc warrior's attack.
The orc warrior hits you with a +0 scimitar!
* * * LOW HITPOINT WARNING * * *
The orc priest looks encouraged for a moment.
You barely miss the orc warrior. You headbutt the orc warrior.
The orc warrior is almost dead.
The orc warrior hits you with a +0 scimitar.
You die...
Your body glows slightly and disappears.

##..#.##.#
##......#.######
#....>...<.....#
###......######.#
........##
.######..# #
##.######.##
#.##......##
#.@oo......#
+.##''##...#
###8.!8# #
8....8# #!....}#.
#)....=#.#
#8....8#..#
##8..8##..#


You could see an orc warrior and an orc priest.

Vanquished Creatures
  Crazy Yiuf (D:3)
  6 adders
  A dart slug (D:1)
  5 ball pythons
  11 bats
  5 endoplasms
  2 giant cockroaches
  3 goblins
  2 hobgoblins
  3 quokkas
  7 frilled lizards
  3 kobolds
  3 rats
52 creatures vanquished.

Vanquished Creatures (others)
  4 fungi (D:3)
4 creatures vanquished.

Grand Total: 56 creatures vanquished

Notes
Turn   | Place    | Note
-------+----------+-------------------------------------------
     0 | D:1      | Heoruswealwe the Minotaur Fighter began the quest for the
                  | Orb.
     0 | D:1      | Reached XP level 1. HP: 19/19 MP: 0/0
   231 | D:1      | Reached XP level 2. HP: 27/27 MP: 1/1
   799 | D:2      | Reached skill level 1 in Invocations
   810 | D:2      | Reached XP level 3. HP: 32/33 MP: 2/2
   950 | D:2      | Reached skill level 1 in Evocations
  1001 | D:2      | Found a faded altar of an unknown god.
  1047 | D:2      | Prayed at the altar of an unknown god.
  1047 | D:2      | Became a worshipper of Nemelex Xobeh the Trickster
  1047 | D:2      | Reached * piety under Nemelex Xobeh
  1279 | D:2      | Received a gift from Nemelex Xobeh
  1697 | D:3      | Reached XP level 4. HP: 32/40 MP: 4/4
  1766 | D:2      | You fall into a shaft and drop 1 floor!
  2022 | D:3      | Reached ** piety under Nemelex Xobeh
  2076 | D:3      | Found an ornate altar of the Wu Jian Council.
  2481 | D:3      | Found a runed translucent door.
  2482 | D:3      | Noticed Crazy Yiuf
  2490 | D:3      | Killed Crazy Yiuf
  2634 | D:4      | Found a large runed translucent door.
  2634 | D:4      | Found a large runed translucent door.
  2637 | D:4      | Noticed an orc warrior
  2647 | D:4      | HP: 2/41 [orc warrior/+0 scimitar (11)]
  2648 | D:4      | Slain by an orc warrior

Illustrated notes

Levels and vault maps discovered:
D:1:      dpeg_arrival_fog, layout_loops_ring
D:2:      layout_loops_cross, chequers_ecumenical_altar_island,
          minmay_lizard_pond
D:3:      layout_loops_ring, nicolae_wu_jian_immortal_techniques,
          uniq_crazy_yiuf_cottage
D:4:      layout_loops_corners, minmay_overflow_temple_star_hex, minivault_1,
          minmay_hollow_rounded_squares

Skill      XL: |  1  2  3 |
---------------+----------+-----
Invocations    | 1 |  1.8
Armour         | 4 |  4.4
Fighting       | 4 |  4.4
Evocations     | 1 |  1.5
Axes           | 3 |  3.4
Shields        | |  3.6

Action                   |  1- 3 |  4- 6 || total
-------------------------+-------+-------++-------
Melee: War axe           |    68 |    41 ||   109
       Headbutt          |     4 |     5 ||     9
  Use: Scroll            |     3 |     1 ||     4
Armor: Scale mail        |    46 |    10 ||    56
Dodge: Dodged            |    28 |    20 ||    48
Block: Buckler           |    17 |     6 ||    23
